 Dungeon Crawl Stone Soup version 0.29-a0-270-g1586fc07ea (webtiles) character file.

Game seed: 6703519495000501390

83 fragbeetle the Poker (level 4, 0/41 HPs)
             Began as a Troll Gladiator on Mar 8, 2022.
             Slain by Pikel
             ... wielding a +2 whip of freezing
              (3 damage)
             ... on level 3 of the Dungeon.
             The game lasted 00:02:40 (2777 turns).

fragbeetle the Poker (Troll Gladiator)              Turns: 2777, Time: 00:02:40

Health: 0/41       AC:  4    Str: 22    XL:     4   Next: 22%
Magic:  3/3        EV: 10    Int:  6    God:
Gold:   188        SH:  0    Dex: 11    Spells: 3/3 levels left

rFire   . . .      SeeInvis .   g - +2 spear (venom)
rCold   . . .      Faith    .   (no shield)
rNeg    . . .      Spirit   .   b - +0 robe
rPois   .          Reflect  .   c - +0 hat
rElec   .          Harm     .   (no cloak)
rCorr   .          Rampage  .   (gloves unavailable)
Will    .....                   (boots unavailable)
Stlth   +.........              (no amulet)
HPRegen 0.93/turn               (no ring)
MPRegen 0.08/turn               (no ring)

@: no status effects
A: large, unfitting armour, claws 3, regeneration 1, shaggy fur 1, tough skin 1
a: no special abilities


You were on level 3 of the Dungeon.
You visited 1 branch of the dungeon, and saw 4 of its levels.

You collected 188 gold pieces.

Inventory:

Hand Weapons
 a - a +0 war axe
 g - a +2 spear of venom (weapon)
Missiles
 d - 3 throwing nets (quivered)
 e - a large rock
 j - 2 atropa-tipped darts
 o - 6 poisoned darts
Armour
 b - a +0 robe (worn)
 c - a +0 hat (worn)
Jewellery
 m - a ring of protection from cold
Wands
 s - a wand of polymorph (9)
Scrolls
 f - a scroll of amnesia {unknown}
 i - a scroll of enchant weapon {unknown}
 q - 2 scrolls of identify {unknown}
 u - a scroll of vulnerability {unknown}
Potions
 h - a potion of brilliance {unknown}
 k - a potion of flight {unknown}
 l - a potion of might {unknown}
 n - a potion of ambrosia {unknown}
 p - 3 potions of attraction {unknown}
 r - a potion of heal wounds {unknown}
 t - a potion of degeneration {unknown}


   Skills:
 - Level 1.5 Fighting
 - Level 2.4(3.2) Axes
 + Level 3.2(3.6) Polearms
 - Level 1.7 Throwing
 - Level 2.4 Dodging


You had 3 spell levels left.
You didn't know any spells.
Your spell library was empty.

Dungeon Overview and Level Annotations

Branches:
Dungeon (4/15)
 Temple: D:4-7

Altars:
Trog

Annotations:
D:3 Pikel


Innate Abilities, Weirdness & Mutations

You are too large for most types of armour.
You have claws for hands.
Your natural rate of healing is unusually fast.
You are covered in fur. (AC +1)
You have tough skin. (AC +1)


Message History

You see here a +0 club.
The giant cockroach bites you. The giant cockroach closely misses you.
The giant cockroach attacks as you move away!
The giant cockroach barely misses you.
An adder comes into view.
The adder hisses angrily.
There is a stone staircase leading up here.
You closely miss the giant cockroach. The giant cockroach bites you.
The giant cockroach bites you but does no damage.
You hit the giant cockroach.
The giant cockroach is poisoned.
The giant cockroach is heavily wounded.
You kill the giant cockroach!
Unknown command.
Pikel scowls and wipes his hands on his robe.
Pikel hits you with a +2 whip of freezing!
Pikel freezes you.
You climb upwards.
There is a stone staircase leading down here.
You barely miss Pikel. Pikel closely misses you.
You hit Pikel.
Pikel is poisoned.
Pikel is lightly wounded.
Pikel hits you with a +2 whip of freezing!
Pikel freezes you.
You hit Pikel.
Pikel looks as sick as possible!
Pikel is lightly wounded.
You hit Pikel.
Pikel looks as sick as possible!
Pikel is moderately wounded.
Pikel hits you with a +2 whip of freezing!
* * * LOW HITPOINT WARNING * * *
Pikel freezes you.
* * * LOW HITPOINT WARNING * * *
Unknown command.
Pikel attacks as you move away! Pikel barely misses you.
You hit Pikel.
Pikel looks as sick as possible!
Pikel is heavily wounded.
Pikel hits you with a +2 whip of freezing.
* * * LOW HITPOINT WARNING * * *
Pikel freezes you.
You die...

#.).............#
#########.#.###.#
#######.#.# #.####
############.......#)#
#....#
..........##.####..#.#
####.# #########.##.#
#..#.# #.# ....#
#.##.# #..#.# #.#
###.#####.##.####.[#.#
#.#
................@K.#.#
#.#
....#####.##.#####.#.#
#.# รท...# #.##.#
#.#.# #.#
....#####.##.# #.#.#
#.# ..........##.#
#.#.# #.#
###..........# #.#.#
#.# #
#.##############.#.#
#.# #
#................#.#
#.#
###.################.#
#.#


You could see Pikel (extremely poisoned).

Vanquished Creatures
  A lemure (D:4)
  4 adders
  An orc (D:3)
  4 ball pythons
  5 bats
  5 endoplasms
  4 giant cockroaches
  3 goblins (D:3)
  3 hobgoblins
  5 quokkas
  2 frilled lizards (D:3)
  3 kobolds
  3 rats
43 creatures vanquished.

Vanquished Creatures (others)
  A wizard (D:4)
1 creature vanquished.

Grand Total: 44 creatures vanquished

Notes
Turn   | Place    | Note
-------+----------+-------------------------------------------
     0 | D:1      | fragbeetle the Troll Gladiator began the quest for the Orb.
     0 | D:1      | Reached XP level 1. HP: 19/19 MP: 0/0
   370 | D:1      | Reached skill level 1 in Polearms
   493 | D:1      | Reached XP level 2. HP: 27/27 MP: 1/1
  1022 | D:2      | Reached skill level 2 in Polearms
  1079 | D:2      | Reached XP level 3. HP: 33/33 MP: 2/2
  1372 | D:2      | Found a faded altar of an unknown god.
  2253 | D:3      | Reached skill level 3 in Polearms
  2253 | D:3      | Reached XP level 4. HP: 38/41 MP: 3/3
  2606 | D:4      | Noticed a lemure
  2623 | D:4      | Killed a lemure
  2678 | D:4      | Found a bloodstained altar of Trog.
  2679 | D:4      | Noticed a wizard
  2684 | D:4      | Killed a wizard
  2757 | D:4      | Noticed Pikel
  2757 | D:4      | Noticed a lemure
  2757 | D:4      | Noticed a lemure
  2777 | D:3      | Slain by Pikel

Illustrated notes

Levels and vault maps discovered:
D:1:      lightli_arrival_noodles, layout_basic
D:2:      layout_basic, basic_ecumenical_altar
D:3:      layout_basic, minivault_24
D:4:      layout_cave_pools, trog_wizard, serial_glass, glass_columns_a,
          glass_columns_c, hangedman_decor_peaks_small, uniq_pikel

Skill      XL: |  1  2  3 |
---------------+----------+-----
Polearms       | 1 2 3 |  3.2
Fighting       | |  1.5
Axes           | |  2.4
Throwing       | |  1.7
Dodging        | |  2.4

Action                   |  1- 3 |  4- 6 || total
-------------------------+-------+-------++-------
Melee: Spear             |    88 |    37 ||   125
 Stab: Sleeping          |     3 |       ||     3
Armor: Robe              |    29 |     4 ||    33
Dodge: Dodged            |    32 |    13 ||    45

Table legend: (Time is in decaauts)
 A = Elapsed time spent in this place.
 B = Non-inter-level travel time spent in this place.
 C = Inter-level travel time spent in this place.
 D = Time resting spent in this place.
 E = Time spent auto-exploring this place.
 F = Levels seen in this place.
 G = Mean time per level.
                   A        B        C        D        E       F      G
               +--------+--------+--------+--------+--------+-----+--------+
         Total |   2771 |   2628 |    143 |      0 |   2295 |   4 |  692.8 |
       Dungeon |   2771 |   2628 |    143 |      0 |   2295 |   4 |  692.8 |
               +--------+--------+--------+--------+--------+-----+--------+

Top non-repeatable levels by time:
     D:1: 882 daAuts
     D:2: 860 daAuts
     D:3: 832 daAuts
     D:4: 196 daAuts
